 Dungeon Crawl Stone Soup version 0.30.0-13-g156ef70053 (webtiles) character file.

Game seed: 4316907515421007479

59 SnakkuSnakku7 the Vexing (level 4, 0/23 HPs)
             Began as a Vine Stalker Hexslinger on May 18, 2023.
             Slain by Terence
             ... wielding a +0 flail
              (6 damage)
             ... on level 3 of the Dungeon.
             The game lasted 00:02:13 (1768 turns).

SnakkuSnakku7 the Vexing (Vine Stalker Hexslinger)  Turns: 1768, Time: 00:02:13

Health: 0/23       AC:  5    Str: 14    XL:     4   Next: 3%
Magic:  0/6        EV: 12    Int: 13    God:
Gold:   113        SH:  0    Dex: 15    Spells: 4/5 levels left

rFire   . .          .
                       - Unarmed
rCold   . . .        (no shield)
rNeg    . . .        c - +0 robe
rPois   .            p - +0 helmet
rElec   .            d - +1 cloak {rCorr}
rCorr   +            (no gloves)
SInv    .            (no boots)
Will    .....        (no amulet)
Stlth   +            (no ring)
HPRegen 1.03/turn    (no ring)
MPRegen 0.10/turn

%: guardian spirit
@: no status effects
A: fangs 2, regeneration 1, magic shield, antimagic bite, no potion heal 2
a: no special abilities


You were on level 3 of the Dungeon.
You visited 1 branch of the dungeon, and saw 3 of its levels.

You collected 113 gold pieces.

Inventory:

Hand Weapons
 a - a +1 sling
Armour
 c - a +0 robe (worn)
 d - a +1 cloak of preservation (worn)
 p - a +0 helmet (worn)
Wands
 r - a wand of flame (24)
Scrolls
 b - a scroll of poison
 e - 2 scrolls of teleportation {unknown}
 f - 3 scrolls of identify {unknown}
 g - 2 scrolls of vulnerability {unknown}
 k - 3 scrolls of enchant weapon {unknown}
 l - a scroll of immolation {unknown}
 m - a scroll of magic mapping {unknown}
Potions
 h - a potion of degeneration {unknown}
 i - a potion of cancellation {unknown}
 j - a potion of heal wounds
 n - a potion of curing {unknown}
 o - a potion of resistance {unknown}
 q - a potion of flight {unknown}


   Skills:
 + Level 2.4 Fighting
 - Level 1.7 Ranged Weapons
 - Level 1.5 Dodging
 + Level 2.3 Unarmed Combat
 - Level 1.1 Spellcasting
 - Level 3.0 Hexes


You had 4 spell levels left.
You knew the following spells:

 Your Spells              Type           Power      Damage    Failure   Level
a - Slow                  Hex            32%        N/A       9%          1

Your spell library contained the following spells:

 Spells                   Type           Power      Damage    Failure   Level
 Sandblast                Erth           0%         2d4       28%         1
 Passwall                 Tmut/Erth      0%         N/A       38%         2
 Inner Flame              Hex/Fire       4%         N/A       41%         3
 Portal Projectile        Hex/Tloc       8%         N/A       41%         3
 Stone Arrow              Conj/Erth      0%         3d7       63%         3
 Cause Fear               Hex            4%         N/A       63%         4


Dungeon Overview and Level Annotations

Branches:
Dungeon (3/15)

Altars:

Annotations:
D:3 Terence


Innate Abilities, Weirdness & Mutations

You have extremely sharp teeth.
Your natural rate of healing is unusually fast.
When hurt, damage is shared between your health and your magic reserves.
Your bite disrupts and absorbs the magic of your enemies.
Potions cannot restore your health.


Message History

Terence is lightly wounded.
Terence hits you but does no damage.
You hit Terence but do no damage.
Terence is lightly wounded.
Terence misses you.
You hit Terence but do no damage. Your bite misses Terence.
Terence is lightly wounded.
Terence barely misses you.
You barely miss Terence. You bite Terence, but do no damage.
Terence is lightly wounded.
Terence barely misses you.
You closely miss Terence.
Terence is lightly wounded.
Terence hits you with a +0 flail!
You closely miss Terence.
Terence is lightly wounded.
Terence hits you with a +0 flail!
You are too injured to fight recklessly!
You are too injured to fight recklessly!
You are too injured to fight recklessly!
You are too injured to fight recklessly!
You are too injured to fight recklessly!
Terence attacks as you move away! Terence hits you with a +0 flail!
* * * LOW HITPOINT WARNING * * *
Terence attacks as you move away! Terence hits you with a +0 flail.
* * * LOW HITPOINT WARNING * * *
Okay, then.
Terence attacks as you move away! Terence closely misses you.
Terence attacks as you move away! Terence misses you.
Terence attacks as you move away! Terence closely misses you.
Terence attacks as you move away! Terence hits you but does no damage.
Terence attacks as you move away! Terence hits you with a +0 flail!
* * * LOW HITPOINT WARNING * * *
Terence attacks as you move away! Terence barely misses you.
Terence attacks as you move away! Terence closely misses you.
Terence attacks as you move away! Terence hits you with a +0 flail!
* * * LOW HITPOINT WARNING * * *
It was a potion of heal wounds.
That seemed strangely inert.
Terence hits you with a +0 flail!
You die...

.#.####.##########.#
†#............>..#.#
.....##.########.#.#
.....##.# #.#.#
.....##.# #.#.#
.....##.# #.#.#
.....##.# #.#.#
.....##.# #.#.#
.....# #@#.# .....#
#@#.# .....# #.#.#
+###### #######.#.#
... ..........# #..
#######.### #.# #.#
#.###########.#
.###.............#


You could see Terence.

Vanquished Creatures
  8 ball pythons
  A bat (D:1)
  10 endoplasms
  2 giant cockroaches (D:1)
  A hobgoblin (D:1)
  8 jackals
  4 kobolds
  3 quokkas (D:1)
  A frilled lizard (D:1)
  7 goblins
  5 rats
50 creatures vanquished.

Notes
Turn   | Place    | Note
-------+----------+-------------------------------------------
     0 | D:1      | SnakkuSnakku7 the Vine Stalker Hexslinger began the quest
                  | for the Orb.
     0 | D:1      | Reached XP level 1. HP: 9/9 MP: 3/3
     8 | D:1      | Reached skill level 1 in Fighting
    78 | D:1      | Reached skill level 1 in Unarmed Combat
    78 | D:1      | Reached XP level 2. HP: 14/14 MP: 4/4
   215 | D:1      | Reached XP level 3. HP: 7/18 MP: 1/5
  1266 | D:2      | Gained mutation: Your natural rate of healing is unusually
                  | fast. [Vine Stalker growth]
  1266 | D:2      | Reached XP level 4. HP: 23/23 MP: 4/6
  1734 | D:3      | Noticed Terence
  1764 | D:3      | HP: 1/23 [Terence/+0 flail (8)]
  1768 | D:3      | Slain by Terence

Illustrated notes

Levels and vault maps discovered:
D:1:      scummos_arrival_star, layout_loops_cross, serial_forest,
          infiniplex_forest_clump_small, infiniplex_forest_lined_4_way,
          infiniplex_forest_lined_4_way, infiniplex_forest_lined_2,
          infiniplex_forest_join
D:2:      layout_basic
D:3:      layout_basic, mainiacjoe_overflow_boulevard, minmay_misc_feat_alley,
          small_statue_intersection, uniq_terence

Skill      XL: |  1  2  3 |
---------------+----------+-----
Fighting       | 1 2 |  2.4
Unarmed Combat | 1 2 |  2.3
Ranged Weapons | |  1.7
Dodging        | |  1.5
Spellcasting   | |  1.1
Hexes          | |  3.0

Action                     |  1- 3 |  4- 6 || total
---------------------------+-------+-------++-------
  Melee: Unarmed           |   183 |    19 ||   202
         Bite              |    46 |     6 ||    52
         Punch             |     3 |       ||     3
   Fire: Sling             |     2 |       ||     2
    Use: Potion            |       |     1 ||     1
   Stab: Sleeping          |     2 |     1 ||     3
 Armour: Robe              |    55 |     3 ||    58
  Dodge: Dodged            |   121 |    15 ||   136
